 Dungeon Crawl Stone Soup version 0.30.0-29-ga12c61a403 (webtiles) character file.

Game seed: 4886530174713938752

689 qw the Chopper (level 7, -5/44 HPs)
             Began as a Gargoyle Fighter on June 2, 2023.
             Killed by divine providence
             ... invoked by an orc priest
              (13 damage)
             ... on level 5 of the Dungeon.
             The game lasted 00:01:33 (3591 turns).

qw the Chopper (Gargoyle Fighter)                   Turns: 3591, Time: 00:01:33

Health: -5/44      AC: 15    Str: 21    XL:     7   Next: 63%
Magic:  7/7        EV:  9    Int:  9    God:
Gold:   169        SH:  8    Dex:  9    Spells: 6/6 levels left

rFire   + . .        Y - +0 war axe
rCold   . . .        j - +0 kite shield
rNeg    + . .        h - +0 scale mail {rF+}
rPois   inf          (no helmet)
rElec   +            e - +0 cloak
rCorr   .            k - +2 pair of gloves
SInv    .            (no boots)
Will    .....        (no amulet) Stlth
                     (no ring)
HPRegen 0.27/turn    (no ring)
MPRegen 0.10/turn

%: no passive effects
@: no status effects
A: sickness immunity, AC +4, negative energy resistance 1, electricity
resistance, torment resistance 1, petrification resistance
a: no special abilities


You were on level 5 of the Dungeon.
You visited 1 branch of the dungeon, and saw 5 of its levels.

You collected 191 gold pieces.
You spent 22 gold pieces at shops.


Innate Abilities, Weirdness & Mutations

You are immune to sickness and miasma.
Your stone body is resilient. (AC +4)
You are immune to poison.
You resist negative energy. (rN+)
You are resistant to electric shocks. (rElec)
You are resistant to unholy torment.
You are immune to petrification.


   Skills:
 - Level 4.8 Fighting
 - Level 5.4 Axes
 - Level 3.2 Armour
 - Level 2.8 Dodging
 + Level 4.5 Shields


You had 6 spell levels left.
You didn't know any spells.
Your spell library was empty.

Inventory:

Hand Weapons
 o - a +0 flail
 Y - a +0 war axe (weapon)
Armour
 a - the +4 ring mail of the Pink Corner {rPois Stlth+}
   (You found it on level 4 of the Dungeon)

   rPois:     It protects you from poison.
   Stlth:     It makes you more stealthy.
 e - a +0 cloak (worn)
 h - a +0 scale mail of fire resistance (worn)
 j - a +0 kite shield (worn)
 k - a +2 pair of gloves (worn)
Scrolls
 l - a scroll of identify
Potions
 d - a potion of might
 f - a potion of haste
 i - 2 potions of curing
 m - a potion of mutation {unknown}
 n - a potion of attraction {unknown}

Dungeon Overview and Level Annotations

Branches:
Dungeon (5/15)
 Temple: D:4-7

Altars:
Fedhas
Kikubaaqudgha
Ru

Shops:
D:1 *


Message History

The steam dragon barely misses you.
The steam dragon claws you but does no damage.
An orc priest comes into view. It is wielding a +0 flail.
The orc wizard gestures at you while chanting.
The puff of flame hits you but does no damage.
You slash the steam dragon!
The steam dragon is heavily wounded.
The steam dragon completely misses you.
The steam dragon claws you but does no damage.
The orc wizard gestures at you while chanting.
You resist with some effort.
You slash the steam dragon!
The steam dragon is severely wounded.
The steam dragon barely misses you. You block the steam dragon's attack.
An orc comes into view. It is wielding a +0 short sword.
The orc priest invokes the aid of Beogh against you.
Beogh smites you!
The orc wizard gestures wildly while chanting.
The orc wizard flickers and vanishes!
Deactivating autopickup; reactivate with Ctrl-A.
The steam dragon breathes steam at you. The ball of steam misses you.
You hit the steam dragon.
The steam dragon is almost dead.
The steam dragon barely misses you.
The steam dragon claws you but does no damage.
A shaft crumbles and collapses.
You hit the steam dragon.
You kill the steam dragon!
The steam dragon scales are intact enough to wear.
Your Shields skill increases to level 4!
The orc priest invokes the aid of Beogh against you.
Beogh smites you!
The orc priest begins to cast a cantrip, but forgets the words!
You block the orc's attack.
You barely miss the orc priest. You hit the orc. You block the orc's attack.
The orc priest mumbles some strange prayers to Beogh against you.
Beogh smites you!
You die...

######### ........#
#.....#########
#......<.......
#.....####.!###
.######..............
...[.......>......# #
......o.....#####.#
......o@..#.#
########..#.# #[.#.#
#..... #....# #....#
...... .......
........#


You could see an orc priest and an orc.

Vanquished Creatures
  Grinder (D:4)
  A steam dragon (D:5)
  Edmund (D:4)
  An ogre (D:4)
  An orc wizard (D:3)
  5 adders
  3 gnolls (D:3)
  An ufetubus (D:4)
  A worm (D:2)
  2 dart slugs
  3 bats
  6 endoplasms
  A giant cockroach (D:1)
  7 goblins
  7 hobgoblins
  3 quokkas
  3 ball pythons
  5 frilled lizards
  4 kobolds
  6 rats
62 creatures vanquished.

Vanquished Creatures (others)
  A kobold (D:3)
1 creature vanquished.

Grand Total: 63 creatures vanquished

Notes
Turn   | Place    | Note
-------+----------+-------------------------------------------
     0 | D:1      | qw the Gargoyle Fighter began the quest for the Orb.
     0 | D:1      | Reached XP level 1. HP: 14/14 MP: 1/1
     0 | D:1      | 0 ||| qw: Version: 0.2-a-102-gdf20003
     0 | D:1      | 0 ||| qw: Game counter: 921
     0 | D:1      | 0 ||| qw: Always use a shield: true
     0 | D:1      | 0 ||| qw: God list: Okawaru
     0 | D:1      | 0 ||| qw: Allow faded altars: false
     0 | D:1      | 0 ||| qw: Do Orc after D:15 true
     0 | D:1      | 0 ||| qw: Do second Lair branch before Depths: true
     0 | D:1      | 0 ||| qw: Lair rune preference: random
     0 | D:1      | 0 ||| qw: Plans: Normal, Zot:1-4, Slime:5, God:TSO, Crypt,
                  | Tomb, Pan, Hells, Abyss, Win
     0 | D:1      | 0 ||| PLANNING D:1-11
   156 | D:1      | Reached skill level 2 in Axes
   286 | D:1      | Reached XP level 2. HP: 18/19 MP: 2/2
   387 | D:1      | Found Bixkerghe's Assorted Antiques.
   394 | D:1      | 394 ||| SHOPLISTING 2 scrolls labelled LUNUPI ZOGYRCH (50
                  | gold, have 31).
   394 | D:1      | 394 ||| BUYING brown potion (22 gold).
   394 | D:1      | Bought a brown potion for 22 gold pieces
   394 | D:1      | 394 ||| SHOPLISTING iron wand (100 gold, have 9).
   394 | D:1      | 394 ||| SHOPLISTING scroll labelled ALOUD NYNU (25 gold,
                  | have 9).
   394 | D:1      | 394 ||| SHOPLISTING whip (62 gold, have 9).
   402 | D:1      | 402 ||| Stepping ~*~*~tactically~*~*~ (stealth).
   431 | D:1      | Found a faded altar of an unknown god.
   441 | D:1      | 441 ||| Stepping ~*~*~tactically~*~*~ (hiding).
   785 | D:1      | 785 ||| FLEEEEING.
   786 | D:1      | 786 ||| FLEEEEING.
   787 | D:1      | 787 ||| FLEEEEING.
   821 | D:1      | 821 ||| UPGRADING to +0 pair of gloves.
   826 | D:1      | 826 ||| READING 3 scrolls labelled ALOXIZ HOIP.
   827 | D:1      | 827 ||| READING scroll labelled ALOUD NYNU.
   828 | D:1      | 828 ||| READING 3 scrolls labelled WUECUHOTSUJ.
   829 | D:1      | 829 ||| DROPPING 2 scrolls of immolation.
   830 | D:1      | 830 ||| DROPPING 2 scrolls of magic mapping.
   853 | D:2      | Reached skill level 3 in Axes
   857 | D:2      | Reached XP level 3. HP: 23/23 MP: 3/3
   893 | D:2      | 893 ||| DROPPING +0 club.
   988 | D:2      | 988 ||| Stepping ~*~*~tactically~*~*~ (stealth).
  1064 | D:2      | 1064 ||| Stepping ~*~*~tactically~*~*~ (hiding).
  1227 | D:2      | 1227 ||| Stepping ~*~*~tactically~*~*~ (stealth).
  1251 | D:2      | 1251 ||| READING scroll labelled GOANAGH XONO.
  1252 | D:2      | 1252 ||| READING scroll labelled OTUHEE WEMEG.
  1253 | D:2      | 1253 ||| READING scroll labelled ZAASYCV DITZ.
  1254 | D:2      | 1254 ||| READING scroll labelled MEILEU MOJOX.
  1255 | D:2      | 1255 ||| DRINKING 3 viscous inky potions.
  1256 | D:2      | 1256 ||| DRINKING 2 brown potions.
  1257 | D:2      | 1257 ||| DROPPING 2 potions of brilliance.
  1310 | D:3      | 1310 ||| Stepping ~*~*~tactically~*~*~ (hiding).
  1311 | D:3      | 1311 ||| Stepping ~*~*~tactically~*~*~ (hiding).
  1312 | D:3      | 1312 ||| Stepping ~*~*~tactically~*~*~ (hiding).
  1315 | D:3      | 1315 ||| Stepping ~*~*~tactically~*~*~ (hiding).
  1467 | D:3      | Reached XP level 4. HP: 28/28 MP: 4/4
  1526 | D:3      | 1526 ||| Stepping ~*~*~tactically~*~*~ (stealth).
  1630 | D:3      | Reached skill level 4 in Axes
  1766 | D:3      | 1766 ||| READING scroll of enchant armour.
  1766 | D:3      | 1766 ||| ENCHANTING +0 pair of gloves.
  1798 | D:3      | Found a blossoming altar of Fedhas.
  1799 | D:3      | Found an ancient bone altar of Kikubaaqudgha.
  1933 | D:3      | Found a sacrificial altar of Ru.
  1935 | D:3      | 1935 ||| Stepping ~*~*~tactically~*~*~ (stealth).
  1937 | D:3      | 1937 ||| Stepping ~*~*~tactically~*~*~ (hiding).
  1944 | D:3      | Reached XP level 5. HP: 32/32 MP: 5/5
  1952 | D:3      | 1952 ||| Stepping ~*~*~tactically~*~*~ (stealth).
  1954 | D:3      | 1954 ||| Stepping ~*~*~tactically~*~*~ (stealth).
  2021 | D:3      | 2021 ||| Stepping ~*~*~tactically~*~*~ (hiding).
  2024 | D:3      | 2024 ||| Stepping ~*~*~tactically~*~*~ (hiding).
  2091 | D:3      | 2091 ||| DROPPING +0 whip.
  2097 | D:3      | 2097 ||| READING scroll of enchant armour.
  2097 | D:3      | 2097 ||| ENCHANTING +1 pair of gloves.
  2268 | D:3      | 2268 ||| UPGRADING to +0 cloak.
  2273 | D:3      | 2273 ||| UPGRADING to +0 scale mail of fire resistance.
  2283 | D:3      | 2283 ||| DROPPING +0 scale mail.
  2284 | D:3      | 2284 ||| READING scroll labelled LUNUPI ZOGYRCH.
  2287 | D:3      | 2287 ||| READING scroll labelled QAFAUV PITHRIU.
  2288 | D:3      | 2288 ||| READING 3 scrolls of identify.
  2288 | D:3      | 2288 ||| IDENTIFYING glowing black potion
  2289 | D:3      | 2289 ||| READING 2 scrolls of identify.
  2289 | D:3      | 2289 ||| IDENTIFYING sapphire potion
  2290 | D:3      | 2290 ||| DROPPING potion of degeneration.
  2328 | D:4      | Identified the +4 ring mail of the Pink Corner {rPois
                  | Stlth+}
  2331 | D:4      | Noticed Edmund
  2332 | D:4      | 2332 ||| Stepping ~*~*~tactically~*~*~ (hiding).
  2333 | D:4      | 2333 ||| Stepping ~*~*~tactically~*~*~ (hiding).
  2335 | D:4      | 2335 ||| Stepping ~*~*~tactically~*~*~ (hiding).
  2348 | D:4      | HP: 5/32 [Edmund/+2 dire flail of draining (9)]
  2351 | D:4      | Reached skill level 5 in Axes
  2355 | D:4      | Killed Edmund
  2356 | D:4      | Reached XP level 6. HP: 5/40 MP: 6/6
  2671 | D:4      | Noticed Grinder
  2677 | D:4      | 2677 ||| Stepping ~*~*~tactically~*~*~ (hiding).
  2678 | D:4      | 2678 ||| Stepping ~*~*~tactically~*~*~ (hiding).
  2688 | D:4      | Killed Grinder
  2689 | D:4      | Reached XP level 7. HP: 39/44 MP: 7/7
  3084 | D:4      | 3084 ||| Stepping ~*~*~tactically~*~*~ (hiding).
  3455 | D:4      | 3455 ||| DROPPING scarf of shadows.
  3456 | D:4      | 3456 ||| UPGRADING to +0 kite shield.
  3466 | D:4      | 3466 ||| DROPPING +0 buckler.
  3467 | D:4      | 3467 ||| DROPPING amulet of magic regeneration.
  3572 | D:5      | Entered Level 5 of the Dungeon
  3576 | D:5      | Noticed a steam dragon
  3588 | D:5      | Killed a steam dragon
  3589 | D:5      | HP: 7/44 [orc priest/divine providence (12)]
  3591 | D:5      | Killed from afar by an orc priest

Levels and vault maps discovered:
D:1:      amcnicky_arrival_underground_garden, layout_basic, serial_shops,
          nicolae_shop_hallway_plus, ebering_ecumenical_altar_box,
          serial_park_tiny_pond, nicolae_concentric_dashed_squares_mild,
          corexii_leaking_fountain, minmay_misc_feat_pillars
D:2:      layout_rooms
D:3:      layout_basic, grunt_temple_overflow_growth_and_decay,
          nicolae_ru_great_annihilating_truth, kennysheep_nondescript,
          chequers_mini_garden, minmay_misc_feat_tiny, hangedman_decor_lopped,
          minmay_misc_feat_four_crosses, lemuel_flame_loot_1
D:4:      layout_basic, uniq_grinder, uniq_edmund
D:5:      layout_loops_ring, temple_pool_b, serial_shops, shop,
          skrybe_limestone_x

Skill      XL: |  1  2  3  4  5  6  7 |
---------------+----------------------+-----
Axes           | 2 3 4 5 |  5.4
Fighting       | 4 |  4.8
Dodging        | 2 |  2.8
Shields        | 4 |  4.5
Armour         | |  3.2

Action                     |  1- 3 |  4- 6 |  7- 9 || total
---------------------------+-------+-------+-------++-------
  Melee: War axe           |    78 |   117 |    15 ||   210
  Throw: Boomerang         |     2 |       |       ||     2
    Use: Scroll            |     7 |     6 |       ||    13
         Potion            |     2 |       |       ||     2
   Stab: Paralysed         |       |     1 |       ||     1
 Armour: Scale mail        |    33 |    71 |     8 ||   112
  Dodge: Dodged            |    27 |    71 |     9 ||   107
  Block: Buckler           |    20 |    18 |     2 ||    40
         Kite shield       |       |       |     4 ||     4

Table legend:
 A = Non-vault XP
 B = Vault XP
 C = Vault XP percentage of total XP
 D = Non-vault monster count
 E = Vault monster count
 F = Vault count percentage of total count
                 A         B        C        D         E       F
            +---------+---------+-------+---------+---------+-------
      Total |     501 |     484 |  49.1 |      56 |       6 |   9.7
            +---------+---------+-------+---------+---------+-------
        D:1 |      25 |       0 |   0.0 |      15 |       0 |   0.0
        D:2 |      52 |       0 |   0.0 |      15 |       0 |   0.0
        D:3 |     105 |      43 |  29.1 |      20 |       4 |  16.7
        D:4 |     138 |     441 |  76.2 |       5 |       2 |  28.6
        D:5 |     181 |       0 |   0.0 |       1 |       0 |   0.0
            +---------+---------+-------+---------+---------+-------
